 Dungeon Crawl Stone Soup version 0.27-a0-32-g443bf2d2ca (webtiles) character file.

Game seed: 5703948037241543492

200 DocSulfur the Vexing (level 6, 0/32 HPs)
             Began as a Kobold Enchanter on Jan 4, 2021.
             Slain by an ogre
             ... wielding a +0 giant spiked club
              (27 damage)
             ... on level 3 of the Dungeon.
             The game lasted 00:16:09 (4734 turns).

DocSulfur the Vexing (Kobold Enchanter)             Turns: 4734, Time: 00:16:10

Health: 0/32       AC:  3    Str:  6    XL:     6   Next: 7%
Magic:  6/10       EV: 15    Int: 16    God:
Gold:   274        SH:  0    Dex: 17    Spells: 2/11 levels left

rFire    . . .     SeeInvis .   a - +1 dagger
rCold    . . .     Faith    .   (shield restricted)
rNeg     . . .     Spirit   .   b - +0 robe
rPois    .         Reflect  .   (no helmet)
rElec    .         Harm     .   (no cloak)
rCorr    .         Rampage  .   (no gloves)
Will     .....                  o - +0 pair of boots
Stlth    ++++......             (no amulet)
HPRegen  0.10/turn              k - ring of flight
MPRegen  0.12/turn              (no ring)

@: confusing touch
A: small, nightstalker 3
a: Evoke Flight


You were on level 3 of the Dungeon.
You visited 1 branch of the dungeon, and saw 4 of its levels.

You collected 274 gold pieces.

Inventory:

Hand Weapons
 a - a +1 dagger (weapon)
Missiles
 t - 19 poisoned darts
Armour
 b - a +0 robe (worn)
 o - a +0 pair of boots (worn)
Jewellery
 k - a ring of flight (left hand)
Wands
 u - a wand of flame (20)
Scrolls
 c - a scroll of magic mapping
 d - a scroll of blinking
 e - 3 scrolls of remove curse
 h - 2 scrolls of fear
 i - a scroll of amnesia
 m - a scroll of teleportation {unknown}
 p - a scroll of immolation {unknown}
 r - a scroll of enchant armour {unknown}
Potions
 f - a potion of resistance {unknown}
 g - 2 potions of brilliance {unknown}
 j - a potion of might {unknown}
 l - 3 potions of haste
 n - 2 potions of curing {unknown}
 q - 2 potions of magic {unknown}
 s - 2 potions of heal wounds {unknown}
 v - a potion of invisibility {unknown}


   Skills:
 - Level 1.3 Short Blades
 - Level 2.4 Dodging
 - Level 4.0 Stealth
 + Level 3.2 Spellcasting
 + Level 2.1 Conjurations
 * Level 4.5 Hexes
 + Level 2.1 Ice Magic


You had 2 spell levels left.
You knew the following spells:

 Your Spells              Type           Power        Failure   Level
a - Corona                Hex            18%          2%          1
b - Ensorcelled Hibernat  Hex/Ice        26%          7%          2
c - Confusing Touch       Hex            17%          9%          3
d - Tukima's Dance        Hex            17%          9%          3

Your spell library contained the following spells:

 Spells                   Type           Power        Failure   Level
 Dazzling Flash           Conj/Hex       26%          14%         3


Dungeon Overview and Level Annotations

Branches:
Dungeon (4/15)
 Temple: D:4-7

Altars:
Hepliaklqana


Innate Abilities, Weirdness & Mutations

You are small and have problems with some larger weapons.
You are completely attuned to the shadows.


Message History

The ogre is severely wounded.
The ogre closely misses you.
You hit the ogre but do no damage.
The ogre is severely wounded.
You hit the ogre but do no damage.
The ogre is severely wounded.
The ogre closely misses you.
You hit the ogre but do no damage.
The ogre is severely wounded.
The ogre misses you.
You hit the ogre but do no damage.
The ogre is heavily wounded.
You hit the ogre but do no damage.
The ogre is heavily wounded.
The ogre barely misses you.
You hit the ogre but do no damage.
The ogre is heavily wounded.
The ogre hits you with a +0 giant spiked club!!
Ouch! That really hurt!
You die...

)###.## #.##.#.#.###<## #.#.# .#
#.# #.....[.......# #.### .# #.#
#.#.###..###..# #.# .###.# #.#.#
#.## #..# #.# ...>.# #.#.###.#
#.)# #.# .###.# #.#.....#
#..###.#### .# #.# #.###.###
#......##.# ## #.#
#.##O..#####.#######)# ##.#
#.#..@..##..########)# ###..#
#.......)...#......))#
#...########.#.....###.#.#####.##
#.####....##.##...####.#... #...#
..# #..##....#......##.####.#....
#####.###.....>..##.##.# #......
###...# ######.####.##.# ####.#.
###.### ### #.# ##.##.# #....#.
###...# #.# #.# #..##.####.####.


You could see an ogre.

Vanquished Creatures
  A bullfrog zombie (D:3)
  An orc wizard (D:3)
  4 adders
  4 worms (D:2)
  3 dart slugs
  5 leopard geckos
  8 orcs
  3 giant cockroaches
  8 hobgoblins
  2 jackals (D:2)
  10 kobolds
  7 bats
  7 frilled lizards
  11 goblins
  5 rats
79 creatures vanquished.

Notes
Turn   | Place    | Note
-------+----------+-------------------------------------------
     0 | D:1      | DocSulfur the Kobold Enchanter began the quest for the Orb.
     0 | D:1      | Reached XP level 1. HP: 10/10 MP: 3/3
   215 | D:1      | Reached XP level 2. HP: 9/15 MP: 0/5
   326 | D:1      | Learned a level 2 spell: Ensorcelled Hibernation
   971 | D:1      | Reached XP level 3. HP: 18/19 MP: 4/6
  1352 | D:1      | Reached skill level 1 in Conjurations
  1352 | D:1      | Reached skill level 1 in Ice Magic
  1584 | D:2      | Reached XP level 4. HP: 24/24 MP: 4/7
  1592 | D:2      | Learned a level 3 spell: Confusing Touch
  1863 | D:2      | HP: 1/24 [worm (11)]
  2937 | D:2      | Reached XP level 5. HP: 23/28 MP: 6/9
  4465 | D:3      | Found a hazy altar of Hepliaklqana.
  4520 | D:3      | Learned a level 3 spell: Tukima's Dance
  4526 | D:3      | Reached XP level 6. HP: 32/32 MP: 10/10
  4715 | D:4      | Noticed an ogre
  4734 | D:3      | Slain by an ogre

Illustrated notes

Levels and vault maps discovered:
D:1:      wheals_arrival_linesprint, layout_basic
D:2:      layout_rooms, minmay_misc_feat_encased, grunt_decor_cap,
          minmay_randomly_rotated_circles
D:3:      layout_loops_ring, nzn_hepliaklqana_mist_gate,
          serial_co_window_serial, co_window_paths_a, co_window_paths_a,
          co_window_paths_a, co_window_paths_a, co_window_of_opportunity_a,
          co_window_2corner, co_window_of_opportunity_c,
          co_window_of_opportunity_b, co_window_corner_ca, co_window_corner_cb,
          co_window_corner_b, co_window_sun, glass_columns_c, glass_columns_b,
          glass_columns_b, glass_columns_b
D:4:      layout_loops_ring, led_sif_book, nicolae_overflow_hidden_temple,
          minmay_temple_entry_overgrown

Skill      XL: |  1  2  3  4  5 |
---------------+----------------+-----
Conjurations   | 1 2 |  2.1
Ice Magic      | 1 2 |  2.1
Hexes          | 4 |  4.5
Spellcasting   | 3 |  3.2
Short Blades   | |  1.3
Dodging        | |  2.4
Stealth        | |  4.0

Action                   |  1- 3 |  4- 6 || total
-------------------------+-------+-------++-------
Melee: Dagger            |    72 |   112 ||   184
 Cast: Corona            |    16 |    11 ||    27
       Ensorcelled Hiber |     6 |    34 ||    40
       Confusing Touch   |       |     2 ||     2
  Use: Scroll            |     1 |     5 ||     6
 Stab: Sleeping          |    13 |    44 ||    57
       Distracted        |       |     1 ||     1
       Confused          |       |     3 ||     3
Armor: Robe              |    15 |    13 ||    28
Dodge: Dodged            |    59 |    68 ||   127

Table legend: (Time is in decaauts)
 A = Elapsed time spent in this place.
 B = Non-inter-level travel time spent in this place.
 C = Inter-level travel time spent in this place.
 D = Time resting spent in this place.
 E = Time spent auto-exploring this place.
 F = Levels seen in this place.
 G = Mean time per level.
                   A        B        C        D        E       F      G
               +--------+--------+--------+--------+--------+-----+--------+
         Total |   4727 |   4277 |    450 |    466 |   2711 |   4 | 1181.8 |
       Dungeon |   4727 |   4277 |    450 |    466 |   2711 |   4 | 1181.8 |
               +--------+--------+--------+--------+--------+-----+--------+

Top non-repeatable levels by time:
     D:1: 1845 daAuts
     D:3: 1544 daAuts
     D:2: 1324 daAuts
     D:4: 13 daAuts
